AoeStats
← [RZ] HardZeeiRa-BR

Arabia

509327177Analyzed
1v1 RM · 6d ago on Sep 26, 2026· 32m 8s· 2 players
Game mode
Random Map
Map size
Tiny (2 player)
Population
200
Speed
Normal
Resources
Standard
Victory
Conquest
Starting age
Dark Age
Ending age
Imperial Age
RankedLock teamsTeams togetherTeam positionsShared explorationLock speedFull tech treeHidden civsTurbo modeCheats
Victory
Defeat
🇧🇷 Varangians · Brazil
1172
+16
🇧🇷 Georgians · Brazil
1175
-16
[RZ] HardZeeiRa-BR
6:15 Loom
8:39 Feudal Age
10:52 Double-Bit Axe
13:30 Bloodlines
17:49 Wheelbarrow
22:09 Castle Age
20:46 Forging
20:45 Scale Barding Armor
20:41 Gold Mining
20:34 Horse Collar
21:53 Forging
23:54 Iron Casting
29:57 Husbandry
31:33 Bow Saw
MarceleZa
6:22 Loom
9:03 Feudal Age
10:00 Double-Bit Axe
20:58 Castle Age
18:44 Horse Collar
19:35 Scale Barding Armor
19:46 Bloodlines
20:22 Forging
20:42 Gold Mining
20:59 Scale Mail Armor
22:08 Husbandry
25:48 Pikeman
29:48 Iron Casting
Connection lost

Rejoining the realm…

Still unreachable

The connection could not be restored.

Session expired

The server has moved on; the page needs a fresh start.